 Dungeon Crawl Stone Soup version 0.28.0-45-g0d030f2227 (webtiles) character file.

Game seed: 14955385252146353679

160 MisterFreud the Covert (level 5, -2/47 HPs)
             Began as a Gnoll Delver on May 19, 2022.
             Was a Believer of Fedhas.
             Slain by a goblin
             ... wielding a +0 club
             ... led by Robin
              (5 damage)
             ... on level 2 of the Dungeon.
             The game lasted 00:02:42 (2321 turns).

MisterFreud the Covert (Gnoll Delver)               Turns: 2321, Time: 00:02:43

Health: -2/47      AC:  3    Str: 12    XL:     5   Next: 41%
Magic:  7/7        EV: 13    Int: 11    God:    Fedhas [**....]
Gold:   56         SH:  0    Dex: 13    Spells: 6/6 levels left

rFire   . . .      SeeInvis .   a - +0 short sword
rCold   . . .      Faith    .   (no shield)
rNeg    . . .      Spirit   .   b - +0 leather armour
rPois   .          Reflect  .   (no helmet)
rElec   .          Harm     .   (no cloak)
rCorr   .          Rampage  .   (no gloves)
Will    .....                   (no boots)
Stlth   ++++......              (no amulet)
HPRegen 0.15/turn               (no ring)
MPRegen 0.10/turn               (no ring)

@: no status effects
A: fangs 1, strong nose, distributed training
a: Renounce Religion, Wall of Briars


You were on level 2 of the Dungeon.
You worshipped Fedhas.
Fedhas was pleased with you.
You visited 1 branch of the dungeon, and saw 7 of its levels.

You collected 56 gold pieces.

Inventory:

Hand Weapons
 a - a +0 short sword (weapon)
 j - a +2 hand axe of flaming
Missiles
 n - 5 poisoned darts (quivered)
Armour
 b - a +0 leather armour (worn)
Jewellery
 l - a ring of positive energy
Wands
 g - a wand of digging (3)
Scrolls
 c - a scroll of fog
 d - a scroll of magic mapping
 e - a scroll of fear
 i - a scroll of vulnerability {unknown}
 k - 2 scrolls of teleportation {unknown}
 m - 3 scrolls of identify {unknown}
 o - a scroll of silence {unknown}
Potions
 f - a potion of haste
 h - a potion of heal wounds {unknown}


   Skills:
 + Level 6.7 Fighting
 + Level 4.8 Short Blades
 + Level 1.4 Long Blades
 + Level 1.4 Axes
 + Level 1.4 Maces & Flails
 + Level 1.4 Polearms
 + Level 1.4 Staves
 + Level 1.4 Slings
 + Level 1.4 Bows
 + Level 1.4 Crossbows
 + Level 1.4 Throwing
 + Level 1.4 Armour
 + Level 4.8 Dodging
 + Level 9.7 Stealth
 + Level 1.4 Shields
 + Level 1.4 Unarmed Combat
 + Level 1.4 Spellcasting
 + Level 1.1 Conjurations
 + Level 1.1 Hexes
 + Level 1.1 Summonings
 + Level 1.1 Necromancy
 + Level 1.1 Translocations
 + Level 1.1 Transmutations
 + Level 1.1 Fire Magic
 + Level 1.1 Ice Magic
 + Level 1.1 Air Magic
 + Level 1.1 Earth Magic
 + Level 1.1 Poison Magic
 + Level 1.6 Invocations
 + Level 1.4 Evocations


You had 6 spell levels left.
You didn't know any spells.
Your spell library contained the following spells:

 Spells                   Type           Power      Damage    Failure   Level
 Animate Armour           Summ/Erth      6%         N/A       94%         4
 Blade Hands              Tmut           1%         N/A       100%        5
 Iron Shot                Conj/Erth      1%         9d1       100%        6


Dungeon Overview and Level Annotations

Branches:
Dungeon (7/15)
 Temple: D:4-7

Altars:
Fedhas

Annotations:
D:2 Robin


Innate Abilities, Weirdness & Mutations

You have very sharp teeth.
Your uncanny sense of smell can sniff out nearby items.
Your experience applies equally to all skills.


Message History

The goblins go into a battle-frenzy!
You closely miss the hobgoblin. Robin throws the goblin at you!
A hobgoblin comes into view.
The goblin hits you but does no damage.
You hit the goblin.
The goblin is severely wounded.
You barely miss the goblin.
The goblin is severely wounded.
The goblin misses you. The hobgoblin hits you.
You closely miss the goblin.
The goblin is severely wounded.
The goblin hits you with a +0 club. The hobgoblin hits you.
The goblin misses you.
You hit the goblin.
You kill the goblin!
Fedhas appreciates your contribution to the ecosystem.
The goblin closely misses you. The hobgoblin hits you.
Robin throws the goblin at you! The goblin hits you with a +0 dagger.
You hit the goblin.
The goblin is moderately wounded.
The goblin hits you but does no damage. The goblin closely misses you.
The hobgoblin closely misses you. The goblin closely misses you.
You are too injured to fight recklessly!
You closely miss the goblin.
The goblin is moderately wounded.
The goblin hits you with a +0 club. x2
* * * LOW HITPOINT WARNING * * *
The hobgoblin completely misses you. The goblin barely misses you.
You closely miss the goblin. Your bite misses the goblin.
The goblin is moderately wounded.
The goblin hits you but does no damage. The goblin hits you with a +0 club.
* * * LOW HITPOINT WARNING * * *
The hobgoblin barely misses you.
You closely miss the goblin.
The goblin is moderately wounded.
The goblin hits you but does no damage. The goblin hits you with a +0 club.
* * * LOW HITPOINT WARNING * * *
The goblin hits you with a +0 club.
You die...
Fedhas appreciates your contribution to the ecosystem.

#.# #.# .# #####.##########
.# # #............#.. ..
.##.###.#.#.##.#.# .# ..#.#
#.#.#.##.#.# .# # ....#
#.#.#.##.#.# .##.##
....###......#.#g###g....##
....'..........g@gggg...[..
....####.....###g####......
....#####.#..# #gg. ..###
..#..........# ##### .#
.###########.# # ## .# #
### ..#


You could see Robin, 3 hobgoblins and 6 goblins.

Vanquished Creatures
  A bullfrog zombie (D:7)
  Jessica (D:2)
  Natasha (D:4)
  2 adders
  A gnoll (D:5)
  3 ball pythons
  5 endoplasms
  A giant cockroach (D:1)
  6 goblins
  4 hobgoblins
  3 jackals (D:1)
  3 quokkas (D:1)
  5 bats
  4 frilled lizards
  6 kobolds
  5 rats
51 creatures vanquished.

Notes
Turn   | Place    | Note
-------+----------+-------------------------------------------
     0 | D:5      | Reached skill level 9 in Stealth
     0 | D:5      | MisterFreud the Gnoll Delver began the quest for the Orb.
     0 | D:5      | Reached XP level 1. HP: 23/23 MP: 1/1
    10 | D:7      | Reached XP level 2. HP: 28/29 MP: 1/3
    10 | D:7      | Reached XP level 3. HP: 34/35 MP: 1/4
    19 | D:6      | Noticed a lemure
    23 | D:6      | Noticed a lemure
    36 | D:5      | Reached skill level 1 in Invocations
   234 | D:3      | Noticed Natasha
   249 | D:4      | Killed Natasha
   250 | D:4      | Reached skill level 1 in Long Blades
   250 | D:4      | Reached skill level 1 in Axes
   250 | D:4      | Reached skill level 1 in Maces & Flails
   250 | D:4      | Reached skill level 1 in Polearms
   250 | D:4      | Reached skill level 1 in Staves
   250 | D:4      | Reached skill level 1 in Slings
   250 | D:4      | Reached skill level 1 in Bows
   250 | D:4      | Reached skill level 1 in Crossbows
   250 | D:4      | Reached skill level 1 in Throwing
   250 | D:4      | Reached skill level 1 in Armour
   250 | D:4      | Reached skill level 1 in Shields
   250 | D:4      | Reached skill level 1 in Unarmed Combat
   250 | D:4      | Reached skill level 1 in Spellcasting
   250 | D:4      | Reached skill level 1 in Evocations
   250 | D:4      | Reached XP level 4. HP: 23/41 MP: 5/5
   852 | D:1      | Reached skill level 1 in Conjurations
   852 | D:1      | Reached skill level 1 in Hexes
   852 | D:1      | Reached skill level 1 in Summonings
   852 | D:1      | Reached skill level 1 in Necromancy
   852 | D:1      | Reached skill level 1 in Translocations
   852 | D:1      | Reached skill level 1 in Transmutations
   852 | D:1      | Reached skill level 1 in Fire Magic
   852 | D:1      | Reached skill level 1 in Ice Magic
   852 | D:1      | Reached skill level 1 in Air Magic
   852 | D:1      | Reached skill level 1 in Earth Magic
   852 | D:1      | Reached skill level 1 in Poison Magic
   852 | D:1      | Found a faded altar of an unknown god.
   875 | D:1      | Prayed at the altar of an unknown god.
   875 | D:1      | Became a worshipper of Fedhas Madash
   875 | D:1      | Reached * piety under Fedhas
  1735 | D:1      | Reached XP level 5. HP: 47/47 MP: 6/6
  2002 | D:2      | Noticed Jessica
  2008 | D:2      | Killed Jessica
  2008 | D:2      | Reached ** piety under Fedhas
  2304 | D:2      | Noticed Robin
  2321 | D:2      | Slain by a goblin

Illustrated notes

Levels and vault maps discovered:
D:1:      dpeg_arrival_yet_another_circle, layout_loops_corners,
          basic_ecumenical_altar
D:2:      layout_loops_corners, uniq_robin, uniq_jessica, uniq_sigmund
D:3:      layout_rooms, roderic_batcave, serial_park_tiny_1, uniq_natasha
D:4:      layout_loops_ring, kennysheep_boxes, uniq_crazy_yiuf_cottage
D:5:      layout_basic
D:6:      layout_basic, kennysheep_vampire_church, uniq_pikel, uniq_menkaure
D:7:      layout_basic, minmay_temple_entry_junction, columned_hall_lemuel,
          grunt_ministairs_15

Skill      XL: |  1  2  3  4 |
---------------+-------------+-----
Stealth        | |  9.7
Invocations    | 1 |  1.6
Long Blades    | 1 |  1.4
Axes           | 1 |  1.4
Maces & Flails | 1 |  1.4
Polearms       | 1 |  1.4
Staves         | 1 |  1.4
Slings         | 1 |  1.4
Bows           | 1 |  1.4
Crossbows      | 1 |  1.4
Throwing       | 1 |  1.4
Armour         | 1 |  1.4
Shields        | 1 |  1.4
Unarmed Combat | 1 |  1.4
Spellcasting   | 1 |  1.4
Evocations     | 1 |  1.4
Conjurations   | 1 |  1.1
Hexes          | 1 |  1.1
Summonings     | 1 |  1.1
Necromancy     | 1 |  1.1
Translocations | 1 |  1.1
Transmutations | 1 |  1.1
Fire Magic     | 1 |  1.1
Ice Magic      | 1 |  1.1
Air Magic      | 1 |  1.1
Earth Magic    | 1 |  1.1
Poison Magic   | 1 |  1.1
Fighting       | |  6.7
Short Blades   | |  4.8
Dodging        | |  4.8

Action                   |  1- 3 |  4- 6 || total
-------------------------+-------+-------++-------
Melee: Short sword       |    21 |   142 ||   163
       Bite              |     5 |    14 ||    19
       Punch             |     1 |     1 ||     2
 Stab: Sleeping          |     1 |    13 ||    14
Armor: Leather armour    |     4 |    29 ||    33
Dodge: Dodged            |     9 |    95 ||   104
